 Dungeon Crawl Stone Soup version 0.25-a0-479-g8579842fd4 (webtiles) character file.

Game seed: 2477842351411025166, levelgen mode: deterministic

683 Kohma the Stinger (level 7, 0/50 HPs)
             Began as a Purple Draconian Venom Mage on Feb 9, 2020.
             Was an Initiate of Kikubaaqudgha.
             Slain by a gnoll sergeant
             ... wielding a +0 spear of venom
              (4 damage)
             ... on level 7 of the Dungeon.
             The game lasted 00:18:19 (7043 turns).

Kohma the Stinger (Purple Draconian Venom Mage)     Turns: 7043, Time: 00:18:20

Health: 0/50       AC:  6    Str: 14    XL:     7   Next: 35%
Magic:  1/13       EV: 12    Int: 17    God:    Kikubaaqudgha [......]
Gold:   187        SH:  0    Dex: 11    Spells: 2/15 levels left

rFire    . . .     SeeInvis .   t - +1 scimitar
rCold    . . .     Gourm    .   (no shield)
rNeg     + . .     Faith    .   (armour unavailable)
rPois    .         Spirit   .   (helmet restricted)
rElec    .         Reflect  .   h - scarf {cloud immunity}
rCorr    .         Harm     .   (no gloves)
MR       +....                  (no boots)
Stlth    ++........             (no amulet)
HPRegen  0.16/turn              e - ring of positive energy
MPRegen  0.13/turn              j - +3 ring of strength

@: lethally poisoned (0 -> -36), very slightly contaminated, lightly drained,
invisible
A: breathe power, unfitting armour, cold-blooded, AC +6
a: Breathe Dispelling Energy, Renounce Religion


You were on level 7 of the Dungeon.
You worshipped Kikubaaqudgha.
Kikubaaqudgha was noncommittal.
You were near starving.

You visited 2 branches of the dungeon, and saw 8 of its levels.

You collected 262 gold pieces.
You spent 75 gold pieces at shops.

Inventory:

Hand Weapons
 f - a +2 dagger of speed
 t - a +1 scimitar (weapon)
Missiles
 c - 11 poisoned darts (quivered)
Armour
 h - a scarf of cloud immunity (worn)
Magical Staves
 v - an uncursed staff of air
Jewellery
 e - a ring of positive energy (left hand)
 j - a +3 ring of strength (right hand)
 o - an uncursed amulet of faith
Wands
 n - a wand of clouds (10)
 u - a wand of disintegration (10)
Scrolls
 d - 5 scrolls of remove curse
 l - 4 scrolls of teleportation
Potions
 a - a potion of flight
 g - 2 potions of magic
 i - a potion of degeneration {unknown}
 k - a potion of heal wounds {unknown}
 m - a potion of curing
 p - 2 potions of lignification {unknown}
 q - 2 potions of agility {unknown}
 s - 2 potions of brilliance {unknown}
Comestibles
 b - 5 rations


   Skills:
 - Level 2.5(2.4) Short Blades
 + Level 1.0(0.9) Staves
 - Level 1.7(1.6) Dodging
 - Level 1.7(1.6) Stealth
 - Level 4.5(4.4) Spellcasting
 + Level 1.8(1.7) Necromancy
 - Level 1.0(0.9) Transmutations
 - Level 2.0(1.9) Air Magic
 * Level 6.2(6.1) Poison Magic
 + Level 1.1(1.0) Evocations


You had 2 spell levels left.
You knew the following spells:

 Your Spells              Type           Power        Failure   Level  Hunger
a - Sting                 Tmut/Pois      ###.         3%          1    None
b - Poisonous Vapours     Pois/Air       ###...       4%          2    ##.....
c - Mephitic Cloud        Conj/Pois/Air  ##......     16%         3    ###....
d - Olgreb's Toxic Radia  Pois           ###.....     12%         4    ####...
e - Spider Form           Tmut/Pois      ###.......   11%         3    ###....

Your spell library contained the following spells:

 Spells                   Type           Power        Failure   Level  Hunger
 Beastly Appendage        Tmut           #.....       11%         1    None
 Sticks to Snakes         Tmut           #.......     16%         2    ##.....
 Ignite Poison            Fire/Tmut/Pois ##......     17%         3    ###....
 Ice Form                 Ice/Tmut       #.......     77%         4    ####...
 Blade Hands              Tmut           #.........   96%         5    ######.


Dungeon Overview and Level Annotations

Branches:
Dungeon (7/15)             Temple (1/1) D:5

Altars:
Ashenzari
Cheibriados
Dithmenos
Elyvilon
Fedhas
Hepliaklqana
Kikubaaqudgha
Makhleb
Nemelex Xobeh
Okawaru
Qazlal
Ru
Sif Muna
Trog
Uskayaw
Vehumet
Wu Jian
Xom
Yredelemnul
Zin
The Shining One

Shops:
D:4 (   D:5 *   D:6 [

Annotations:
D:7 1 transporter


Innate Abilities, Weirdness & Mutations

You can breathe bolts of dispelling energy.
Your rich purple scales are hard. (AC +6)
You cannot fit into any form of body armour.
You are cold-blooded and may be slowed by cold attacks.


Message History

The gnoll hits the plant with a +0 spear.
The gnoll wonders, "What am I doing in here?"
The gnoll misses the gnoll.
The gnoll sergeant hits the plant with a +2 spear of flaming.
The gnoll sergeant burns the plant.
The plant is destroyed!
The gnoll sergeant barely misses you.
You riposte.
You hit the gnoll sergeant. You tail-slap the gnoll sergeant.
The gnoll sergeant is severely wounded.
Something hits the plant.
The gnoll hits the plant with a +0 halberd.
You see here a throwing net.
You open the door.
* * * LOW HITPOINT WARNING * * *
You feel very sick.
The gnoll hits the plant with a +0 spear.
The gnoll hits the gnoll with a +1 vampiric spear.
The gnoll sergeant hits you with a +0 spear of venom.
You die...
Kikubaaqudgha rasps: "You have failed me!
Welcome... death!"

..# . ≈≈≈ ≈≈≈≈≈...###.
≈≈≈ ≈≈≈≈≈....... ## ...
# ##≈≈.#.##.## .. ###
#..#≈≈........ ##.
##.###.##≈≈.#.##.## ≈
... ......$#≈≈.#.##.##
≈###.##'##.###≈≈........
≈..#.#P@P#%#..≈≈....#.#.
≈.##.#g.⌠#.##.≈≈.#..#.#.
≈.#..#PgP#..#.≈≈.#..#.#.
≈$##.##g##.##.≈≈.#..#.#.
≈..#.#P.g#.#............
≈.©#.ggg.'.#©......##.#.
≈..#.#8g8#.#.......##.#.
≈.##.#####.##.≈≈.####.#.
. # ©#.≈≈....


You could see 3 gnoll sergeants and 4 gnolls.

Vanquished Creatures
  A bullfrog (Temple)
  A gnoll sergeant (D:7)
  A scorpion (D:7)
  A wight (D:6)
  A jelly (D:5)
  2 orc priests (D:5)
  A centaur skeleton (D:6)
  A bullfrog skeleton (D:4)
  Jessica (D:3)
  2 orc wizards (D:5)
  Ijyb (D:3)
  A worker ant (D:5)
  Robin (D:3)
  A howler monkey zombie (D:6)
  A gnoll (D:7)
  5 adders
  3 oozes
  An adder zombie (D:5)
  3 worms
  2 dart slugs
  6 leopard geckos
  4 orcs
  2 giant cockroaches (D:3)
  12 goblins
  7 hobgoblins
  9 jackals
  2 quokkas (D:3)
  2 ball pythons
  6 bats
  3 frilled lizards
  5 kobolds
  A leopard gecko zombie (D:5)
  8 rats
98 creatures vanquished.

Vanquished Creatures (others)
  A plant (D:7)
1 creature vanquished.

Grand Total: 99 creatures vanquished

Notes
Turn   | Place    | Note
-------+----------+-------------------------------------------
     0 | D:1      | Kohma the Draconian Venom Mage began the quest for the Orb.
     0 | D:1      | Reached XP level 1. HP: 14/14 MP: 3/3
   443 | D:1      | Reached XP level 2. HP: 20/20 MP: 1/5
   488 | D:1      | Learned a level 2 spell: Poisonous Vapours
  1345 | D:1      | Reached XP level 3. HP: 26/26 MP: 3/6
  1478 | D:2      | Reached skill level 1 in Air Magic
  1762 | D:2      | Learned a level 3 spell: Mephitic Cloud
  2341 | D:2      | Reached skill level 4 in Poison Magic
  2739 | D:3      | Reached XP level 4. HP: 33/33 MP: 0/7
  2739 | D:3      | Noticed Jessica
  2809 | D:3      | Killed Jessica
  2940 | D:3      | Noticed Robin
  2977 | D:3      | Killed Robin
  3306 | D:3      | Noticed Ijyb
  3313 | D:3      | Killed Ijyb
  3313 | D:3      | Reached XP level 5. HP: 38/38 MP: 2/9
  3478 | D:3      | Reached skill level 1 in Short Blades
  3815 | D:4      | Found Oneredag's Weapon Shop.
  4128 | D:5      | Entered Level 5 of the Dungeon
  4154 | D:5      | Reached skill level 5 in Poison Magic
  4343 | D:5      | Reached XP level 6. HP: 33/45 MP: 9/11
  4825 | D:5      | Found a staircase to the Ecumenical Temple.
  4834 | Temple   | Entered the Ecumenical Temple
  4886 | Temple   | Became a worshipper of Kikubaaqudgha
  5239 | D:5      | Reached skill level 1 in Necromancy
  5384 | D:5      | Found Plog's Assorted Antiques.
  5390 | D:5      | Bought a viscous blue potion for 24 gold pieces
  5390 | D:5      | Bought a scroll labeled EMECOL UDOCE for 27 gold pieces
  5390 | D:5      | Bought a pink potion for 24 gold pieces
  5804 | D:6      | Found Lynulian's Antique Armour Boutique.
  5837 | D:6      | Your scales start taking on a rich purple colour.
  5837 | D:6      | Reached XP level 7. HP: 40/50 MP: 13/13
  5899 | D:6      | Learned a level 4 spell: Olgreb's Toxic Radiance
  6293 | D:6      | Found a shimmering blue altar of Sif Muna.
  6294 | D:6      | Found a glowing silver altar of Zin.
  6298 | D:6      | Found a burning altar of Makhleb.
  6300 | D:6      | Found a shattered altar of Ashenzari.
  6300 | D:6      | Found an ornate altar of the Wu Jian Council.
  6300 | D:6      | Found a shadowy altar of Dithmenos.
  6302 | D:6      | Found a bloodstained altar of Trog.
  6304 | D:6      | Found a glowing golden altar of the Shining One.
  6519 | D:5      | Learned a level 3 spell: Spider Form
  6636 | D:6      | Reached skill level 6 in Poison Magic
  7007 | D:7      | Found a transporter.
  7012 | D:7      | Found a transporter.
  7021 | D:7      | Identified the cursed +1 spear of the Warrior-Mage {chaos,
                  | rPois Int+4}
  7028 | D:7      | Reached skill level 1 in Staves
  7028 | D:7      | Reached skill level 1 in Evocations
  7043 | D:7      | Slain by a gnoll sergeant

Levels and vault maps discovered:
D:1:      psy_arrival_radial01, layout_basic
D:2:      layout_basic, first_ration
D:3:      layout_rooms, uniq_jessica, uniq_robin, uniq_ijyb
D:4:      layout_rooms, serial_shops, kennysheep_little_box
D:5:      layout_basic, minmay_temple_entry_drinking_statues, serial_shops, shop
D:6:      layout_basic, minitemple, serial_shops, nicolae_shop_crystal,
          grunt_decor_arrowhead
D:7:      layout_basic, gammafunk_ghost_gnarly_gnolls, basic_altar,
          grunt_livestock, grunt_ministairs_2, uniq_pikel, uniq_duvessa
Temple:   cyrus_circular_temple

Skill      XL: |  1  2  3  4  5  6  7 |
---------------+----------------------+-----
Air Magic      | 1 2 |  2.0
Poison Magic   | 4 5 6 |  6.2
Spellcasting   | 3 4 |  4.5
Short Blades   | 1 2 |  2.5
Necromancy     | 1 |  1.8
Staves         | 1 |  1.0
Evocations     | 1 |  1.1
Dodging        | |  1.7
Stealth        | |  1.7
Transmutations | |  1.0

Action                   |  1- 3 |  4- 6 |  7- 9 || total
-------------------------+-------+-------+-------++-------
Melee: Unarmed           |    25 |       |    23 ||    48
       Dagger            |    32 |   126 |    10 ||   168
       Tailslap          |     3 |    13 |     4 ||    20
       Scimitar          |       |       |     4 ||     4
       Staff             |       |       |     2 ||     2
Throw: Dart              |       |       |     3 ||     3
 Cast: Sting             |    28 |    24 |     1 ||    53
       Poisonous Vapours |    29 |    45 |     7 ||    81
       Mephitic Cloud    |       |       |     1 ||     1
       Spider Form       |       |       |     1 ||     1
  Use: Scroll            |       |    10 |     3 ||    13
 Stab: Sleeping          |       |     1 |       ||     1
  Eat: Chunk             |     7 |    12 |       ||    19
       Ration            |       |       |     1 ||     1
Armor: Skin              |    25 |    40 |     4 ||    69
Dodge: Dodged            |    52 |    73 |    29 ||   154
       Rpst.: Scimitar   |       |       |     2 ||     2

Table legend:
 A = Non-vault XP
 B = Vault XP
 C = Vault XP percentage of total XP
 D = Non-vault monster count
 E = Vault monster count
 F = Vault count percentage of total count
                 A         B        C        D         E       F
            +---------+---------+-------+---------+---------+-------
      Total |     771 |     205 |  21.0 |      83 |      15 |  15.3
            +---------+---------+-------+---------+---------+-------
        D:1 |      43 |       0 |   0.0 |      22 |       0 |   0.0
        D:2 |      52 |       0 |   0.0 |      15 |       0 |   0.0
        D:3 |      44 |     107 |  70.9 |      20 |      13 |  39.4
        D:4 |      49 |       0 |   0.0 |       3 |       0 |   0.0
        D:5 |     292 |       0 |   0.0 |      16 |       0 |   0.0
        D:6 |     128 |       0 |   0.0 |       4 |       0 |   0.0
        D:7 |      67 |      98 |  59.4 |       1 |       2 |  66.7
     Temple |      96 |       0 |   0.0 |       2 |       0 |   0.0
            +---------+---------+-------+---------+---------+-------
